 Dungeon Crawl Stone Soup version 0.29-a0-451-gfbfa42419e (webtiles) character file.

Game seed: 17111793542743232618

116 CityDog the Shield-Bearer (level 4, 0/34 (37) HPs)
             Began as a Demonspawn Fighter on May 19, 2022.
             Slain by a wight
             ... wielding a +5 hand axe
              (5 damage)
             ... on level 4 of the Dungeon.
             The game lasted 00:05:50 (3998 turns).

CityDog the Shield-Bearer (Demonspawn Fighter)      Turns: 3998, Time: 00:05:51

HP:   0/34 (37)     AC:  8    Str: 15 (16) XL:     4   Next: 70%
MP:   4/4           EV:  8    Int: 10 (12) God:
Gold: 194           SH:  5    Dex: 13 (14) Spells: 3/3 levels left

rFire   . . .      SeeInvis .   w - +2 whip (venom)
rCold   . . .      Faith    .   c - +0 buckler
rNeg    . . .      Spirit   .   p - +0 scale mail
rPois   .          Reflect  .   q - +0 helmet
rElec   .          Harm     .   (no cloak)
rCorr   .          Rampage  .   h - +0 pair of gloves
Will    +....                   (no boots)
Stlth   +.........              (no amulet)
HPRegen 0.11/turn               f - ring of willpower
MPRegen 0.09/turn               (no ring)

@: mighty, drained
A: claws 2, thin skeletal structure 1
a: no special abilities


You were on level 4 of the Dungeon.
You visited 1 branch of the dungeon, and saw 4 of its levels.

You collected 194 gold pieces.

Inventory:

Hand Weapons
 a - a +0 flail
 b - a +2 hunting sling of flaming
   (You found it on level 2 of the Dungeon)
 w - a +2 whip of venom (weapon)
   (You took it off a kobold on level 3 of the Dungeon)
Armour
 c - a +0 buckler (worn)
 h - a +0 pair of gloves (worn)
   (You found it on level 1 of the Dungeon)
 p - a +0 scale mail (worn)
 q - a +0 helmet (worn)
   (You took it off Robin on level 2 of the Dungeon)
Magical Staves
 v - a staff of poison
   (You found it on level 3 of the Dungeon)
Jewellery
 f - a ring of willpower (left hand)
   (You found it on level 1 of the Dungeon)
 t - a ring of ice
   (You found it on level 3 of the Dungeon)
Scrolls
 g - a scroll of fear {unknown}
 k - 5 scrolls of identify {unknown}
 n - a scroll of fog {unknown}
 o - a scroll of poison {unknown}
 r - a scroll of immolation {unknown}
 s - 2 scrolls of teleportation {unknown}
 u - a scroll of blinking {unknown}
 x - a scroll of magic mapping {unknown}
 y - a scroll of enchant armour {unknown}
Potions
 e - a potion of degeneration {!q}
 i - a potion of lignification {!q}
 j - 2 potions of berserk rage {unknown}
 l - 2 potions of attraction {!q}
 m - a potion of resistance {unknown}
 z - a potion of cancellation {unknown}


   Skills:
 - Level 4.0 Fighting
 + Level 2.1 Maces & Flails
 - Level 2.6 Armour
 - Level 4.0 Shields
 - Level 1.0 Unarmed Combat


You had 3 spell levels left.
You didn't know any spells.
Your spell library contained the following spells:

 Spells                   Type           Power      Damage    Failure   Level
 Conjure Flame            Conj/Fire      0%         6-21      99%         3
 Ignite Poison            Fire/Tmut/Pois 0%         N/A       99%         3
 Sticky Flame             Conj/Fire      0%         2d3       100%        4


Dungeon Overview and Level Annotations

Branches:
Dungeon (4/15)
 Temple: D:4-7

Altars:
Elyvilon
Vehumet

Shops:
D:1 [   D:4 [


Innate Abilities, Weirdness & Mutations

You have very sharp fingernails.
You have a somewhat thin skeletal structure. (Dex +2, Stealth+)


Message History

k - 4 scrolls labelled VISUEF KEUKH (gained 1)
y - a scroll labelled JUATAENK YRIXI
Found a scroll labelled VISUEF KEUKH.
No target in view!
No target in view!
No target in view!
No target in view!
No target in view!
No target in view!
No target in view!
No target in view!
No target in view!
Found 4 javelins.
There is an entrance to Tepell's Armour Boutique here.
k - 5 scrolls labelled VISUEF KEUKH (gained 1)
A wight comes into view. It is wielding a +5 hand axe.
A wight is nearby! 2 wights come into view.
Found a robe.
The wight hits you with a +5 hand axe.
You hit the wight. The wight hits you with a +5 hand axe!
You are too injured to fight recklessly!
You are too injured to fight recklessly!
You are too injured to fight recklessly!
You are too injured to fight recklessly!
You are too injured to fight recklessly!
You are too injured to fight recklessly!
You are too injured to fight recklessly!
You are too injured to fight recklessly!
You are too injured to fight recklessly!
You are too injured to fight recklessly!
You are too injured to fight recklessly!
You are too injured to fight recklessly!
You are too injured to fight recklessly!
You are too injured to fight recklessly!
You are too injured to fight recklessly!
You are too injured to fight recklessly!
The wight attacks as you move away! The wight hits you with a +5 hand axe.
You feel drained. The wight attacks as you move away!
The wight hits you with a +5 hand axe.
* * * LOW HITPOINT WARNING * * *
You feel drained.
* * * LOW HITPOINT WARNING * * *
You feel very mighty all of a sudden. The wight hits you with a +5 hand axe.
* * * LOW HITPOINT WARNING * * *
You closely miss the wight.
The wight hits you from afar with a +0 halberd.
* * * LOW HITPOINT WARNING * * *
You feel drained. The wight hits you with a +5 hand axe.
You die...

....# ....# ....#
#...# # #####...##
#.#........##
#...........## ##
#####.........###.#
#.@zzz.........#..#
####..............#
####...........#
##...........
##...........
##...........<
######.............
#..................
####............###


You could see 3 wights.

Vanquished Creatures
  Robin (D:2)
  3 adders
  A worm (D:2)
  4 orcs (D:3)
  9 endoplasms
  3 giant cockroaches (D:1)
  11 goblins
  6 hobgoblins
  8 kobolds
  2 quokkas
  4 ball pythons
  4 bats
  2 frilled lizards (D:1)
  9 rats
67 creatures vanquished.

Notes
Turn   | Place    | Note
-------+----------+-------------------------------------------
     0 | D:1      | CityDog the Demonspawn Fighter began the quest for the Orb.
     0 | D:1      | Reached XP level 1. HP: 18/18 MP: 1/1
    13 | D:1      | Found Yleoghiv's Armour Emporium.
   422 | D:1      | Gained mutation: You have a somewhat thin skeletal
                  | structure. (Dex +2, Stealth+) [demonic ancestry]
   422 | D:1      | Reached XP level 2. HP: 17/24 MP: 2/2
  1272 | D:1      | Gained mutation: You have sharp fingernails. [demonic
                  | ancestry]
  1272 | D:1      | Reached XP level 3. HP: 29/29 MP: 3/3
  2077 | D:2      | Noticed Robin
  2336 | D:2      | Killed Robin
  2344 | D:2      | Gained mutation: You have very sharp fingernails. [demonic
                  | ancestry]
  2344 | D:2      | Reached XP level 4. HP: 20/37 MP: 4/4
  2816 | D:2      | Found a faded altar of an unknown god.
  3253 | D:3      | Reached skill level 1 in Unarmed Combat
  3802 | D:3      | Found a radiant altar of Vehumet.
  3955 | D:4      | Found Tepell's Armour Boutique.
  3998 | D:4      | Slain by a wight

Illustrated notes

Levels and vault maps discovered:
D:1:      dpeg_arrival_ratfight, layout_loops_ring, serial_shops,
          nicolae_shop_hallway_plus, roderic_roman_lattice,
          chequers_serial_rivers_large_b
D:2:      layout_loops_ring, serial_glass, glass_columns_b, glass_columns_b,
          chequers_ecumenical_altar_lobes, basic_altar, uniq_robin
D:3:      layout_rooms, vehumet_crystals
D:4:      layout_layer_cave, mainiacjoe_overflow_small_starburst,
          nzn_wu_jian_council_hall, nicolae_uskayaw_en_pointe, kennysheep_mini,
          mainiacjoe_overflow_brackets, serial_shops, shop,
          minmay_ruined_shrine, uniq_blork_the_orc

Skill      XL: |  1  2  3  4 |
---------------+-------------+-----
Shields        | 3 4 |  4.0
Fighting       | 4 |  4.0
Unarmed Combat | 1 |  1.0
Maces & Flails | 2 |  2.1
Armour         | |  2.6

Action                   |  1- 3 |  4- 6 || total
-------------------------+-------+-------++-------
Melee: Flail             |   131 |    59 ||   190
       Whip              |       |    16 ||    16
 Fire: Hunting sling     |     7 |       ||     7
  Use: Potion            |     1 |     4 ||     5
 Stab: Sleeping          |     2 |       ||     2
Armor: Scale mail        |    74 |    38 ||   112
       Skin              |       |    11 ||    11
Dodge: Dodged            |    59 |    24 ||    83
Block: Buckler           |    33 |    16 ||    49

Table legend: (Time is in decaauts)
 A = Elapsed time spent in this place.
 B = Non-inter-level travel time spent in this place.
 C = Inter-level travel time spent in this place.
 D = Time resting spent in this place.
 E = Time spent auto-exploring this place.
 F = Levels seen in this place.
 G = Mean time per level.
                   A        B        C        D        E       F      G
               +--------+--------+--------+--------+--------+-----+--------+
         Total |   4118 |   4025 |     93 |    853 |   2540 |   4 | 1029.5 |
       Dungeon |   4118 |   4025 |     93 |    853 |   2540 |   4 | 1029.5 |
               +--------+--------+--------+--------+--------+-----+--------+

Top non-repeatable levels by time:
     D:1: 1770 daAuts
     D:2: 1177 daAuts
     D:3: 1127 daAuts
     D:4: 43 daAuts
